 Dungeon Crawl Stone Soup version 0.31.0-9-g3a7656b989 (webtiles) character file.

Game seed: 5516851982354676449

179 Gabide the Grasshopper (level 5, -3/42 HPs)
             Began as a Demigod Warper on Jan 25, 2024.
             Slain by Blork the orc
             ... wielding a +0 hand axe of venom
              (9 damage)
             ... on level 4 of the Dungeon.
             The game lasted 00:09:35 (3551 turns).

Gabide the Grasshopper (Demigod Warper)             Turns: 3551, Time: 00:09:36

Health: -3/42      AC:  6    Str: 12    XL:     5   Next: 10%
Magic:  11/11      EV: 11    Int: 19    God:
Gold:   213        SH:  0    Dex: 13    Spells: 7/9 levels left

rFire   + + .        a - +1 short sword (speed)
rCold   + . .        (no shield)
rNeg    . . .        e - +1 ring mail {rF+}
rPois   +            (no helmet)
rElec   +            (no cloak)
rCorr   +            (no gloves)
SInv    .            (no boots)
Will    +....        (no amulet)
Stlth   +            h - ring of willpower
HPRegen 0.27/turn    p - ring of wizardry
MPRegen 0.12/turn

%: wizardry (x1)
@: lethally poisoned (-3 -> -5), resistant
A: high MP 1, forlorn, divine attributes
a: no special abilities


You were on level 4 of the Dungeon.
You visited 1 branch of the dungeon, and saw 4 of its levels.

You collected 213 gold pieces.

Inventory:

Hand Weapons
 a - a +1 short sword of speed (weapon)
 b - a +1 sling
Missiles
 d - 2 darts of dispersal
 f - 20 stones (quivered)
Armour
 e - a +1 ring mail of fire resistance (worn)
 g - an orb of energy
 n - a +0 leather armour
Jewellery
 h - a ring of willpower (left hand)
 m - a ring of protection from fire
 p - a ring of wizardry (right hand)
Wands
 k - a wand of iceblast (10)
Scrolls
 c - 2 scrolls of blinking
 l - a scroll of teleportation
Potions
 j - 2 potions of mutation
 q - a potion of degeneration {unknown}


   Skills:
 + Level 2.7 Fighting
 + Level 2.6 Polearms
 * Level 0.3 Ranged Weapons
 - Level 1.0 Throwing
 - Level 1.0 Armour
 + Level 2.6 Dodging
 + Level 2.5 Spellcasting
 + Level 3.4 Translocations


You had 7 spell levels left.
You knew the following spells:

 Your Spells              Type           Power      Damage    Failure   Level
a - Blink                 Tloc           30%        N/A       5%          2

Your spell library contained the following spells:

 Spells                   Type           Power      Damage    Failure   Level
 Lesser Beckoning         Tloc           30%        N/A       5%          2
 Teleport Other           Tloc           15%        N/A       11%         3
 Manifold Assault         Tloc           15%        N/A       32%         4
 Dazzling Flash           Conj/Hex       4%         N/A       38%         3
 Mephitic Cloud           Conj/Alch/Air  2%         N/A       38%         3
 Vhi's Electric Charge    Tloc/Air       16%        N/A       54%         4
 Curse of Agony           Necr           2%         N/A       98%         5
 Silence                  Hex/Air        1%         N/A       98%         5


Dungeon Overview and Level Annotations

Branches:
Dungeon (4/15)
 Temple: D:4-7

Shops:
D:1 [:((

Annotations:
D:4 2 transporters, Blork the orc


Innate Abilities, Weirdness & Mutations

You have an increased reservoir of magic. (+10% MP)
You shall have no god before yourself.
Your divine heritage dramatically boosts your attributes as you level up.


Message History

You are poisoned.
Throw: 3 darts (disperse)
Press: ? - help, Shift-Dir - straight line, f/p - Blork the orc
Aim: Blork the orc, wielding a +0 hand axe of venom and wearing a +0 robe (fast, 58% to hit)
You throw a dart of dispersal.
The dart of dispersal hits Blork the orc.
Blork the orc blinks!
You feel very sick.
Blork the orc points at you and mumbles some strange words.
The puff of flame hits you. You resist.
* * * LOW HITPOINT WARNING * * *
Blork the orc gestures at you while chanting.
The puff of frost hits you.
* * * LOW HITPOINT WARNING * * *
It was a potion of ambrosia.
You are confused.
You feel invigorated.
* * * LOW HITPOINT WARNING * * *
You feel sick.
You bump into the rock wall.
You feel sick.
You bump into the rock wall.
You feel sick.
You bump into the rock wall.
You feel sick.
Blork the orc points at you and mumbles some strange words.
The magic dart hits you.
* * * LOW HITPOINT WARNING * * *
It was a potion of resistance.
You feel protected.
You feel sick.
Blork the orc points at you and mumbles some strange words.
The puff of frost hits you. You resist.
* * * LOW HITPOINT WARNING * * *
You are too confused!
You bump into the rock wall.
You feel less invigorated.
You feel less confused.
You feel sick.
Blork the orc points at you and mumbles some strange words.
The magic dart hits you.
* * * LOW HITPOINT WARNING * * *
Blork the orc hits you with a +0 hand axe of venom!
You die...

## #. #.##.......#. ...
#. #.##..... ...
#..##.##.##...# ..#
##........##...#...#.
.....#...o.†o........
.........###.........
....##.## #...######
....##.####...###
#.......o@........
#....##.####...##.#####
#..! #........##.#...
... ............#.# ..
...............# #
###.####...####.######
..? ................ ..
......####.######
#####..# #.......


You could see Blork the orc (fast).

Vanquished Creatures
  An iguana (D:4)
  Terence (D:3)
  Natasha (D:3)
  An adder (D:3)
  A ribbon worm (D:2)
  3 dart slugs (D:2)
  11 ball pythons
  9 bats
  7 endoplasms
  2 giant cockroaches
  4 goblins
  4 hobgoblins
  12 jackals (D:1)
  9 kobolds
  2 quokkas
  4 frilled lizards
  7 rats
79 creatures vanquished.

Notes
Turn   | Place    | Note
-------+----------+-------------------------------------------
     0 | D:1      | Gabide the Demigod Warper began the quest for the Orb.
     0 | D:1      | Reached XP level 1. HP: 17/17 MP: 5/5
    54 | D:1      | Reached skill level 1 in Throwing
    54 | D:1      | Reached skill level 1 in Armour
   138 | D:1      | Found Fucaihor's Book Emporium.
   183 | D:1      | Reached XP level 2. HP: 11/24 MP: 7/7
   320 | D:1      | Found Qowedugi's Antique Weapon Boutique.
   417 | D:1      | Found Igoy's Weapon Emporium.
   493 | D:1      | Reached skill level 3 in Translocations
   552 | D:1      | Reached XP level 3. HP: 29/29 MP: 8/8
   562 | D:1      | Found Luit's Magic Scroll Shop.
   600 | D:1      | Found Rynwekon's Antique Armour Boutique.
  2522 | D:3      | Reached XP level 4. HP: 31/37 MP: 10/10
  2602 | D:3      | Noticed Terence
  2620 | D:3      | Killed Terence
  2751 | D:3      | Learned a level 2 spell: Blink
  2787 | D:3      | Noticed Natasha
  2800 | D:3      | Killed Natasha
  3300 | D:4      | Found a transporter.
  3300 | D:4      | Found a transporter.
  3529 | D:4      | Noticed Blork the orc
  3537 | D:4      | Reached XP level 5. HP: 20/42 MP: 7/11
  3551 | D:4      | Slain by Blork the orc

Illustrated notes

Levels and vault maps discovered:
D:1:      evilmike_arrival_crescent, layout_rooms, serial_shops, shop, shop,
          nicolae_shop_hallway_plus, shop, shop, minmay_splitting_lines,
          nicolae_figureground_pulse
D:2:      layout_basic, hex_intersection
D:3:      layout_loops_ring, nicolae_sif_muna_little_library,
          overflow_temple_1_default, nicolae_overflow_hallway_of_the_gods,
          shapermc_ecumenical_altar_mp_highgroup, hangedman_decor_push,
          kennysheep_generic_room_2, uniq_terence, uniq_natasha
D:4:      gammafunk_steamed_eel, layout_basic, corner_web_ring,
          uniq_blork_the_orc

Skill      XL: |  1  2 |
---------------+-------+-----
Throwing       | 1 |  1.0
Armour         | 1 |  1.0
Polearms       | 2 |  2.6
Fighting       | 2 |  2.7
Dodging        | 2 |  2.6
Spellcasting   | 2 |  2.5
Translocations | 3 |  3.4
Ranged Weapons | |  0.3

Action                     |  1- 3 |  4- 6 || total
---------------------------+-------+-------++-------
  Melee: Spear             |    61 |       ||    61
         Short sword       |   219 |    39 ||   258
         Punch             |     5 |       ||     5
   Fire: Sling             |       |    20 ||    20
  Throw: Stone             |     5 |       ||     5
         Dart              |       |     5 ||     5
   Cast: Blink             |       |     2 ||     2
  Evoke: Wand              |       |     3 ||     3
    Use: Scroll            |     3 |     4 ||     7
         Potion            |       |     3 ||     3
   Stab: Sleeping          |     1 |       ||     1
 Armour: Leather armour    |   146 |     5 ||   151
         Ring mail         |       |    22 ||    22
  Dodge: Dodged            |   169 |    14 ||   183
